 Dungeon Crawl Stone Soup version 0.29.0-4-gdea44cf6ec (webtiles) character file.

Game seed: 17783766924020050747

310 qw the Sneak (level 6, -2/37 HPs)
             Began as a Gargoyle Delver on Sept 10, 2022.
             Slain by a gnoll
             ... wielding a +0 spear
             ... led by a gnoll bouda
              (7 damage)
             ... on level 5 of the Dungeon.
             The game lasted 00:01:14 (4026 turns).

qw the Sneak (Gargoyle Delver)                      Turns: 4026, Time: 00:01:15

Health: -2/37      AC: 15    Str: 18    XL:     6   Next: 41%
Magic:  6/6        EV: 11    Int: 10    God:
Gold:   158        SH:  4    Dex: 11    Spells: 5/5 levels left

rFire   . . .      SeeInvis .   Y - +0 hand axe
rCold   . . .      Faith    .   t - +0 buckler
rNeg    + . .      Spirit   .   m - +0 chain mail
rPois   inf        Reflect  .   (no helmet)
rElec   +          Harm     .   h - +0 cloak
rCorr   .          Rampage  .   e - +0 pair of gloves
Will    .....                   (no boots)
Stlth   ..........              (no amulet)
HPRegen 0.12/turn               c - +4 ring of evasion
MPRegen 0.10/turn               l - +4 ring of protection

@: corroded
A: sickness immunity, AC +4, negative energy resistance 1, electricity
resistance, torment resistance 1, petrification resistance
a: no special abilities


You were on level 5 of the Dungeon.
You visited 1 branch of the dungeon, and saw 5 of its levels.

You collected 261 gold pieces.
You spent 103 gold pieces at shops.


Innate Abilities, Weirdness & Mutations

You are immune to sickness and miasma.
Your stone body is resilient. (AC +4)
You are immune to poison.
You resist negative energy. (rN+)
You are resistant to electric shocks. (rElec)
You are resistant to unholy torment.
You are immune to petrification.


   Skills:
 - Level 3.2 Fighting
 + Level 4.8 Axes
 - Level 2.7 Armour
 - Level 1.5 Dodging
 - Level 5.4 Stealth
 - Level 2.5 Shields


You had 5 spell levels left.
You didn't know any spells.
Your spell library was empty.

Inventory:

Hand Weapons
 b - a +0 mace
 Y - a +0 hand axe (weapon)
Armour
 e - a +0 pair of gloves (worn)
 h - a +0 cloak (worn)
 m - a +0 chain mail (worn)
 t - a +0 buckler (worn)
Jewellery
 c - a +4 ring of evasion (left hand)
 l - a +4 ring of protection (right hand)
Wands
 g - a wand of digging (3)
Scrolls
 n - a scroll of identify
Potions
 a - 2 potions of resistance
 d - a potion of mutation
 f - a potion of haste
 i - a potion of cancellation {unknown}
 j - a potion of lignification {unknown}
 k - a potion of might
 p - a potion of ambrosia {unknown}
 r - 3 potions of curing

Dungeon Overview and Level Annotations

Branches:
Dungeon (5/15)
 Temple: D:4-7

Altars:
Hepliaklqana

Shops:
D:2 [


Message History

You block the gnoll bouda's attack. The adder bites you but does no damage.
You completely miss the gnoll bouda.
The gnoll bouda is moderately wounded.
You hit the adder. The adder closely misses you.
The gnoll hits you but does no damage. You block the gnoll bouda's attack.
You hit the adder.
The adder is almost dead.
You hit the gnoll bouda but do no damage.
You block the adder's attack. The gnoll closely misses you.
The gnoll bouda barely misses you. You block the adder's attack.
You miss the adder.
The adder is almost dead.
You hit the gnoll bouda. The gnoll hits you but does no damage.
The gnoll bouda hits you with a +0 whip.
The adder closely misses you.
You hit the adder.
You kill the adder!
You hit the gnoll bouda but do no damage.
Your attacks no longer feel as feeble.
The gnoll is no longer moving quickly.
The gnoll hits you but does no damage.
The gnoll bouda barks out a call to the hunt!
The gnolls pick up the pace!
You hit the gnoll bouda but do no damage.
The gnoll bouda is heavily wounded.
You hit the jelly. The acid corrodes you!
Your hands burn!
The jelly closely misses you. You block the gnoll's attack.
The gnoll bouda closely misses you.
You barely miss the gnoll bouda.
The gnoll bouda is heavily wounded.
You hit the jelly but do no damage.
Your hands burn!
The jelly hits you but does no damage. The gnoll hits you but does no damage.
The gnoll bouda hits you with a +0 whip!
You hit the gnoll bouda but do no damage.
The gnoll bouda is heavily wounded.
You hit the jelly.
Your hands burn!
The jelly hits you but does no damage.
The gnoll hits you from afar with a +0 spear!
You die...

........... ..
.................
...........#......
.........#........
.........#......##
g.................
g..g...g..........
##g.......... +@Jn.%.......
..#. #####........ #.#.
####...........
...##..............
#..................#..
#....##.#..........#.
###....##.#...........
+.#....##.#..........#
###.#+#................####


You could see a necrophage, a gnoll bouda, a jelly and a gnoll (swift).

Vanquished Creatures
  2 scorpions (D:5)
  A howler monkey (D:5)
  A hound (D:5)
  2 iguanas
  2 adders
  A gnoll (D:5)
  2 dart slugs
  2 orcs
  A ball python (D:4)
  5 bats
  6 endoplasms
  A giant cockroach (D:1)
  6 goblins
  3 hobgoblins
  2 jackals (D:4)
  3 kobolds
  A frilled lizard (D:1)
  3 rats
44 creatures vanquished.

Notes
Turn   | Place    | Note
-------+----------+-------------------------------------------
     0 | D:5      | qw the Gargoyle Delver began the quest for the Orb.
     0 | D:5      | Reached XP level 1. HP: 14/14 MP: 1/1
     0 | D:5      | 0 ||| qw: Version: 0.1-a-116-g5d60599
     0 | D:5      | 0 ||| qw: Game counter: 7732
     0 | D:5      | 0 ||| qw: Always use a shield: true
     0 | D:5      | 0 ||| qw: God list: Okawaru
     0 | D:5      | 0 ||| qw: Allow faded altars: false
     0 | D:5      | 0 ||| qw: Do Orc after D:15 true
     0 | D:5      | 0 ||| qw: Do second Lair branch before Depths: true
     0 | D:5      | 0 ||| qw: Lair rune preference: random
     0 | D:5      | 0 ||| qw: Plans: Normal
     0 | D:5      | 0 ||| PLANNING D:1-11
     0 | D:5      | 0 ||| DROPPING scroll of fog.
     1 | D:5      | 1 ||| DROPPING scroll of magic mapping.
     2 | D:5      | 2 ||| DROPPING scroll of fear.
   290 | D:2      | Reached XP level 2. HP: 19/19 MP: 2/2
   453 | D:2      | 453 ||| UPGRADING to +4 ring of evasion.
   454 | D:2      | 454 ||| UPGRADING to ring of willpower.
   455 | D:2      | 455 ||| READING scroll labelled ZISIEQ JOYL.
   456 | D:2      | 456 ||| READING scroll labelled KIMAOGAMAH.
   984 | D:1      | You fall into a shaft and drop 1 floor!
   985 | D:2      | 985 ||| UPGRADING to +0 scale mail.
   995 | D:2      | 995 ||| DROPPING +0 leather armour.
   996 | D:2      | 996 ||| UPGRADING to +4 ring of protection.
   998 | D:2      | 998 ||| DROPPING ring of willpower.
   999 | D:2      | 999 ||| READING scroll labelled MAFABI PULEEL.
  1367 | D:1      | Reached skill level 3 in Axes
  1450 | D:1      | 1450 ||| READING scroll labelled GUCIOG HEINUL.
  1451 | D:1      | 1451 ||| READING scroll labelled VYTHOALEIC.
  1527 | D:2      | Reached XP level 3. HP: 23/23 MP: 3/3
  1555 | D:2      | 1555 ||| DROPPING +0 club.
  1582 | D:2      | Reached skill level 1 in Armour
  1640 | D:2      | Found Qusuoh's Antique Armour Shoppe.
  1648 | D:2      | 1648 ||| BUYING chain mail (103 gold).
  1648 | D:2      | Bought a chain mail for 103 gold pieces
  1648 | D:2      | 1648 ||| SHOPLISTING pair of gloves (103 gold, have 66).
  1648 | D:2      | 1648 ||| SHOPLISTING pair of translucent gloves (218 gold,
                  | have 66).
  1648 | D:2      | 1648 ||| SHOPLISTING runed plate armour (598 gold, have
                  | 66).
  1854 | D:2      | 1854 ||| UPGRADING to +0 chain mail.
  1864 | D:2      | 1864 ||| DROPPING +0 scale mail.
  1865 | D:2      | 1865 ||| DRINKING 2 fizzy pink potions.
  1866 | D:2      | 1866 ||| READING 2 scrolls of identify.
  1866 | D:2      | 1866 ||| IDENTIFYING amethyst potion
  1894 | D:3      | 1894 ||| Stepping ~*~*~tactically~*~*~ (hiding).
  2138 | D:3      | Found a faded altar of an unknown god.
  2340 | D:3      | HP: 4/23 [iguana (8)]
  2341 | D:3      | 2341 ||| READING scroll of teleportation.
  2342 | D:3      | 2342 ||| DRINKING potion of heal wounds.
  2345 | D:3      | Reached XP level 4. HP: 24/28 MP: 4/4
  2612 | D:3      | 2612 ||| UPGRADING to +0 cloak.
  2617 | D:3      | 2617 ||| UPGRADING to +0 buckler.
  2622 | D:3      | 2622 ||| DROPPING ring of see invisible.
  2623 | D:3      | 2623 ||| READING scroll labelled YCAETA UCIHI.
  2624 | D:3      | 2624 ||| READING scroll labelled SEOLLA PUEFEIKH.
  2625 | D:3      | 2625 ||| DRINKING 3 sapphire potions.
  2626 | D:3      | 2626 ||| READING 2 scrolls of identify.
  2626 | D:3      | 2626 ||| IDENTIFYING purple potion
  2627 | D:3      | 2627 ||| DROPPING potion of attraction.
  2657 | D:4      | Found a hazy altar of Hepliaklqana.
  3169 | D:4      | HP: 7/28 [iguana (4)]
  3170 | D:4      | HP: 3/28 [iguana (4)]
  3174 | D:4      | Reached skill level 1 in Shields
  3537 | D:4      | 3537 ||| UPGRADING to +0 pair of gloves.
  3542 | D:4      | 3542 ||| DRINKING 2 yellow potions.
  3543 | D:4      | 3543 ||| DRINKING 4 lumpy amethyst potions.
  3596 | D:5      | Noticed a scorpion
  3615 | D:5      | Killed a scorpion
  3616 | D:5      | Reached XP level 5. HP: 26/32 MP: 5/5
  3672 | D:5      | 3672 ||| Stepping ~*~*~tactically~*~*~ (stealth).
  3738 | D:5      | Reached XP level 6. HP: 19/37 MP: 6/6
  4000 | D:5      | 4000 ||| Stepping ~*~*~tactically~*~*~ (stealth).
  4025 | D:5      | HP: 9/37 [gnoll bouda/+0 whip (7)]
  4026 | D:5      | Slain by a gnoll

Levels and vault maps discovered:
D:1:      dpeg_arrival_simpleton_a, layout_basic
D:2:      layout_rooms, serial_shops, shop
D:3:      layout_loops_ring, hellmonk_ecumenical_altar_zigzags
D:4:      layout_basic, nicolae_hepliaklqana_hazy_memory
D:5:      nicolae_cairo_tiling_large, layout_basic

Skill      XL: |  1  2  3  4  5  6 |
---------------+-------------------+-----
Axes           | 2 3 4 |  4.8
Armour         | 1 2 |  2.7
Shields        | 1 2 |  2.5
Fighting       | |  3.2
Dodging        | |  1.5
Stealth        | |  5.4

Action                   |  1- 3 |  4- 6 || total
-------------------------+-------+-------++-------
Melee: Hand axe          |   109 |   109 ||   218
       Punch             |     1 |       ||     1
  Use: Scroll            |     7 |     3 ||    10
       Potion            |     2 |     3 ||     5
 Stab: Sleeping          |     2 |       ||     2
Armor: Leather armour    |     4 |       ||     4
       Scale mail        |    11 |       ||    11
       Chain mail        |    20 |    53 ||    73
Dodge: Dodged            |    55 |    64 ||   119
Block: Buckler           |       |    25 ||    25

Table legend:
 A = Non-vault XP
 B = Vault XP
 C = Vault XP percentage of total XP
 D = Non-vault monster count
 E = Vault monster count
 F = Vault count percentage of total count
                 A         B        C        D         E       F
            +---------+---------+-------+---------+---------+-------
      Total |     443 |       0 |   0.0 |      44 |       0 |   0.0
            +---------+---------+-------+---------+---------+-------
        D:1 |      17 |       0 |   0.0 |      10 |       0 |   0.0
        D:2 |      20 |       0 |   0.0 |      10 |       0 |   0.0
        D:3 |      67 |       0 |   0.0 |       8 |       0 |   0.0
        D:4 |      55 |       0 |   0.0 |       9 |       0 |   0.0
        D:5 |     284 |       0 |   0.0 |       7 |       0 |   0.0
            +---------+---------+-------+---------+---------+-------
